 Dungeon Crawl Stone Soup version 0.21-a0-2-ge494091 (webtiles) character file.

125 Naow the Firebug (level 5, -7/31 HPs)
             Began as an Octopode Fire Elementalist on May 22, 2017.
             Was a Follower of Vehumet.
             Mangled by Terence
             ... wielding a +5 flail of protection
              (12 damage)
             ... on level 3 of the Dungeon.
             The game lasted 00:04:46 (2722 turns).

Naow the Firebug (Octopode Fire Elementalist)       Turns: 2722, Time: 00:04:47

Health: -7/31      AC:  1    Str:  7    XL:     5   Next: 9%
Magic:  6/9        EV: 13    Int: 18    God:    Vehumet [*.....]
Gold:   123        SH:  0    Dex: 13    Spells: 4/10 levels left

rFire    . . .     SeeInvis .   m - +0 dagger
rCold    . . .     Gourm    .   (no shield)
rNeg     . . .     Faith    .   (helmet restricted)
rPois    .         Spirit   .   (no amulet)
rElec    .         Reflect  .   (no ring)
rCorr    .         Harm     .   (no ring)
MR       .....                  (no ring)
Stlth    +++.......             (no ring)
Regen    0.1/turn               (no ring)
MPRegen  0.2/turn               (no ring)
                                (no ring)
                                (no ring)

@: no status effects
A: almost no armour, stealthy swim, amphibious, 8 rings, constrict 8, camouflage
1, gelatinous body 1
a: Renounce Religion


You were on level 3 of the Dungeon.
You worshipped Vehumet.
Vehumet was aware of your devotion.
You were hungry.

You visited 1 branch of the dungeon, and saw 3 of its levels.

You collected 123 gold pieces.

Inventory:

Hand Weapons
 m - a +0 dagger (weapon)
Wands
 r - a wand of flame (21/48)
Scrolls
 d - a scroll of identify {unknown}
 e - 2 scrolls of immolation {unknown}
 f - 2 scrolls of fog {unknown}
 g - 3 scrolls of remove curse {unknown}
 h - a scroll of teleportation {unknown}
 i - 2 scrolls of amnesia {unknown}
 k - a scroll of random uselessness {unknown}
 p - a scroll of enchant armour {unknown}
 q - a scroll of recharging {unknown}
Books
 a - a book of Flames

   Spells                             Type                      Level
   a - Flame Tongue                   Conjuration/Fire             1
   b - Throw Flame                    Conjuration/Fire             2
   c - Conjure Flame                  Conjuration/Fire             3
   d - Inner Flame                    Hexes/Fire                   3
   e - Sticky Flame                   Conjuration/Fire             4
   f - Fireball                       Conjuration/Fire             5
 o - a book of Misfortune

   Spells                             Type                      Level
   a - Confusing Touch                Hexes                        1
   b - Confuse                        Hexes                        3
   c - Gell's Gravitas                Translocation                3
   d - Petrify                        Transmutation/Earth          4
   e - Metabolic Englaciation         Hexes/Ice                    5
   f - Yara's Violent Unravelling     Hexes/Transmutation          5
Comestibles
 b - 4 bread rations
 c - 3 fruits
 j - 2 meat rations
 l - 2 royal jellies


   Skills:
 - Level 2.0 Dodging
 - Level 2.8 Stealth
 + Level 3.1 Spellcasting
 + Level 2.6 Conjurations
 + Level 4.0 Fire Magic


You had 4 spell levels left.
You knew the following spells:

 Your Spells              Type           Power        Failure   Level  Hunger
a - Flame Tongue          Conj/Fire      ##...        4%          1    None
b - Throw Flame           Conj/Fire      ##....       6%          2    ##.....
c - Conjure Flame         Conj/Fire      ##......     12%         3    ###....


Dungeon Overview and Level Annotations

Branches:
Dungeon (3/15)

Altars:
Vehumet

Annotations:
D:3 Terence


Innate Abilities, Weirdness & Mutations

You cannot wear most types of armour.
You are very stealthy in the water. (Stealth+)
You are amphibious.
You can wear up to eight rings at the same time.
You can use your tentacles to constrict eight enemies at once.
Your skin changes colour to match your surroundings (Stealth+).
Your rubbery body absorbs attacks. (AC +1, EV +1)


Message History

Aim: Terence, wielding a flail of protection and wearing a shiny scale mail (heavily wounded)
The flame tongue hits Terence.
Terence appears unharmed.
Terence is heavily wounded.
Terence closely misses you.
You barely miss Terence. You grab Terence.
Terence is heavily wounded.
You constrict Terence, but do no damage.
You hit Terence.
Terence is heavily wounded.
You constrict Terence, but do no damage.
Terence hits you with a flail of protection!
* * * LOW HITPOINT WARNING * * *
You release your grip on Terence.
Terence barely misses you. Terence looks scornfully at you.
You barely miss Terence. You grab Terence.
Terence is heavily wounded.
You constrict Terence, but do no damage.
Terence hits you with a flail of protection!
You die...

#.#...#..## ### ##.##
#.###.#...###.# #?. #.#
#.........# ##.. #.#
###..#....#######.. ## ###.#
##....#.#....# #.. .######...#
###..#......# ### .....##.####
####...##.....#
####.......###.............# .#
###.....)...#@#....#....# .###
#.#.#..##...@..#.....#######
...###.....###.#.#..#.....# #....
##.....#.#..........#.....# #....
#..###.....)...#..........# #<...
..## #.#.......####.#.<...# #....
######.#...##.#####.#.....###....
#.....###..#.#.....#######......
##.....# ##...#.#.#..#......#....


You could see Terence.

Vanquished Creatures
  An ooze (D:2)
  2 worms (D:3)
  A fire bat (D:3)
  A leopard gecko (D:1)
  A spectral bat (D:3)
  14 bats
  A bat simulacrum (D:3)
  3 bat skeletons (D:3)
  A bat zombie (D:3)
  3 goblins
  7 hobgoblins
  5 jackals (D:3)
  4 kobolds
  2 frilled lizards
  4 rats
50 creatures vanquished.

Notes
Turn   | Place    | Note
-------+----------+-------------------------------------------
     0 | D:1      | Naow the Octopode Fire Elementalist began the quest for the Orb.
     0 | D:1      | Reached XP level 1. HP: 11/11 MP: 3/3
   316 | D:1      | Reached XP level 2. HP: 17/17 MP: 1/5
   792 | D:2      | Found a radiant altar of Vehumet.
   800 | D:2      | Became a worshipper of Vehumet
  1229 | D:2      | Reached XP level 3. HP: 20/21 MP: 2/6
  1518 | D:3      | Noticed Terence
  1923 | D:3      | Learned a level 2 spell: Throw Flame
  1927 | D:3      | Learned a level 3 spell: Conjure Flame
  1981 | D:3      | Reached XP level 4. HP: 27/27 MP: 0/8
  2056 | D:3      | Reached skill level 4 in Fire Magic
  2057 | D:3      | Reached * piety under Vehumet
  2057 | D:3      | Offered knowledge of Freeze by Vehumet.
  2127 | D:3      | Reached XP level 5. HP: 26/31 MP: 3/9
  2687 | D:3      | HP: 1/31 [Terence/flail of protection (9)]
  2722 | D:3      | Mangled by Terence

Vault maps used:
D:1:      minmay_arrival_nine_rooms
D:2:      vehumet_crystals, first_bread
D:3:      serial_glass, glass_columns_a, glass_columns_a, glass_columns_b,
          glass_columns_a, glass_columns_a, glass_columns_a, glass_columns_b,
          glass_columns_a, goddamned_bats, uniq_terence

Skill      XL: |  1  2  3  4 |
---------------+-------------+-----
Conjurations   | 2 |  2.6
Spellcasting   | 3 |  3.1
Fire Magic     | 4 |  4.0
Dodging        | |  2.0
Stealth        | |  2.8

Action                   |  1- 3 |  4- 6 || total
-------------------------+-------+-------++-------
Melee: Constrict         |     3 |     5 ||     8
       Unarmed           |     1 |       ||     1
       Dagger            |     5 |     9 ||    14
       Tentacles         |     2 |     1 ||     3
 Cast: Flame Tongue      |    64 |    33 ||    97
       Throw Flame       |     2 |     1 ||     3
  Use: Potion            |       |     1 ||     1
  Eat: Chunk             |     4 |     1 ||     5
Armor: Skin              |     3 |     7 ||    10
Dodge: Dodged            |    19 |    40 ||    59
